 Seeded DCSS version 0.29.0-13-gc9e81de378 (webtiles) character file.

Game seed: 905739011755388624 (custom seed)

39165 Iusername the Severer (level 13, -8/124 HPs)
             Began as a Minotaur Fighter on Sept 9, 2022.
             Was a High Priest of Dithmenos.
             Mangled by a 20-headed hydra (10 damage)
             ... on level 4 of the Lair of Beasts.
             The game lasted 00:31:59 (17582 turns).

Iusername the Severer (Minotaur Fighter)           Turns: 17582, Time: 00:32:00

Health: -8/124     AC: 27    Str: 34    XL:     13   Next: 67%
Magic:  0/12       EV:  7    Int:  9    God:    Dithmenos [*****.]
Gold:   1227       SH:  9    Dex: 21    Spells: 12/12 levels left

rFire   . . .      SeeInvis +   A - +6 hand axe of Rocofiuz {spect, *Noise Fly rPois SInv}
rCold   . . .      Faith    .   H - +1 buckler {reflect}
rNeg    . . .      Spirit   +   Z - +3 crystal plate armour
rPois   +          Reflect  +   W - +0 hat "Fegues" {Regen+ Str+4}
rElec   +          Harm     .   (no cloak)
rCorr   .          Rampage  .   I - +0 pair of gloves of Inquiry {Int+4}
Will    .....                   i - +1 pair of boots of the Game of Life {rElec Dex+3}
Stlth   ..........              f - amulet of guardian spirit
HPRegen 1.10/turn               c - +6 ring of strength
MPRegen 0.13/turn               R - +6 ring of dexterity

@: flying, wreathed by umbra, studying Unarmed Combat
A: horns 2, retaliatory headbutt
a: Renounce Religion, Shadow Step, Shadow Form


You were on level 4 of the Lair of Beasts.
You worshipped Dithmenos.
Dithmenos was extremely pleased with you.
You visited 2 branches of the dungeon, and saw 17 of its levels.

You collected 1227 gold pieces.

Inventory:

Hand Weapons
 a - a +0 war axe
 A - the +6 hand axe of Rocofiuz (weapon) {spect, *Noise Fly rPois SInv}
   (You found it on level 4 of the Dungeon)

   When its wielder attacks, the weapon's spirit leaps out and strikes again.
   The spirit shares a part of any damage it takes with its wielder.
   rPois:     It protects you from poison.
   SInv:      It lets you see invisible.
   Fly:       It grants you flight.
   *Noise:    It may make noises in combat.
 Y - the +8 scimitar of the Crafting Sybil {freeze, rPois Int+2}
   (You took it off a kobold brigand on level 11 of the Dungeon)

   It freezes those it strikes, dealing additional cold damage.
   It can also slow down cold-blooded creatures.
   Int:       It affects your intelligence (+2).
   rPois:     It protects you from poison.
Missiles
 J - a throwing net
 P - 6 javelins
Armour
 i - the +1 pair of boots of the Game of Life (worn) {rElec Dex+3}
   (You acquired it on level 1 of the Dungeon)

   Dex:       It affects your dexterity (+3).
   rElec:     It insulates you from electricity.
 H - a +1 buckler of reflection (worn)
 I - the +0 pair of gloves of Inquiry (worn) {Int+4}
   (You found it on level 6 of the Dungeon)

   Int:       It affects your intelligence (+4).
 W - the +0 hat "Fegues" (worn) {Regen+ Str+4}
   (You found it on level 11 of the Dungeon)

   Str:       It affects your strength (+4).
   Regen:     It increases your rate of health regeneration.
 Z - a +3 crystal plate armour (worn)
Jewellery
 c - a +6 ring of strength (left hand)
 f - an amulet of guardian spirit (around neck)
 p - an amulet of the acrobat
 G - a ring of resist corrosion
 O - a ring of flight
 R - a +6 ring of dexterity (right hand)
 T - a +4 ring of evasion
Wands
 h - a wand of light (4)
 j - a wand of flame (30)
 q - a wand of mindburst (9) (quivered)
 y - a wand of paralysis (24)
 S - a wand of polymorph (9)
 U - a wand of digging (2)
 X - a wand of iceblast (6)
Scrolls
 k - 5 scrolls of fog
 o - 4 scrolls of vulnerability
 r - 3 scrolls of poison
 w - 3 scrolls of magic mapping
 x - 2 scrolls of identify
 z - 11 scrolls of teleportation
 B - 4 scrolls of noise
 D - 2 scrolls of enchant armour
 K - 2 scrolls of immolation
 M - 2 scrolls of enchant weapon
 N - a scroll of summoning
Potions
 b - 4 potions of attraction {unknown}
 d - 4 potions of might
 e - 4 potions of lignification {unknown}
 g - 2 potions of degeneration
 l - 3 potions of heal wounds
 m - 5 potions of curing {unknown}
 n - 2 potions of flight {unknown}
 t - 4 potions of haste {unknown}
 u - 4 potions of brilliance
 v - 2 potions of resistance {unknown}
 C - 4 potions of mutation {unknown}
 E - 2 potions of magic {unknown}
 F - 2 potions of ambrosia {unknown}
 L - a potion of cancellation {unknown}


   Skills:
 + Level 14.2 Fighting
 + Level 17.1 Axes
 + Level 0.2 Throwing
 - Level 10.0 Armour
 + Level 2.1 Dodging
 + Level 5.2 Stealth
 + Level 14.0 Shields
 + Level 1.6 Evocations


You had 12 spell levels left.
You didn't know any spells.
Your spell library contained the following spells:

 Spells                   Type           Power      Damage    Failure   Level
 Apportation              Tloc           0%         N/A       100%        1
 Freeze                   Ice            0%         1d3       100%        1
 Necrotise                Necr           0%         1d4       100%        1
 Summon Small Mammal      Summ           0%         N/A       100%        1
 Conjure Flame            Conj/Fire      0%         6-21      100%        3
 Frozen Ramparts          Ice            0%         1d1       100%        3
 Gell's Gravitas          Tloc           0%         N/A       100%        3
 Ignite Poison            Fire/Tmut/Pois 0%         N/A       100%        3
 Lesser Beckoning         Tloc           0%         N/A       100%        3
 Teleport Other           Tloc           0%         N/A       100%        3
 Tukima's Dance           Hex            0%         N/A       100%        3
 Fulminant Prism          Conj/Hex       0%         3d6       100%        4
 Hailstorm                Conj/Ice       0%         3d3       100%        4
 Ice Form                 Ice/Tmut       0%         N/A       100%        4
 Iskenderun's Mystic Bla  Conj/Tloc      0%         2d3       100%        4
 Passage of Golubria      Tloc           0%         N/A       100%        4
 Sticky Flame             Conj/Fire      0%         2d3       100%        4
 Lee's Rapid Deconstruct  Erth           0%         3d5*      100%        5
 Yara's Violent Unravell  Hex/Tmut       0%         3d3       100%        5
 Dispersal                Tloc           0%         N/A       100%        6
 Simulacrum               Ice/Necr       0%         N/A       100%        6
 Disjunction              Tloc           0%         N/A       100%        8


Dungeon Overview and Level Annotations

Branches:
Dungeon (12/15)            Temple (0/1) D:5            Lair (5/5) D:11
  Swamp (0/4) Lair:3       Spider (0/4) Lair:3
  Slime: Lair:4-5       Orc: D:9-12

Altars:
Ashenzari
Dithmenos
Elyvilon
Hepliaklqana
Makhleb
Nemelex Xobeh
Qazlal
Sif Muna
Uskayaw

Annotations:
D:12 Maurice
Lair:5 Sonja


Innate Abilities, Weirdness & Mutations

You have a pair of horns on your head.
You reflexively headbutt those who attack you in melee.


Message History

The 20-headed hydra bites you.
The 20-headed hydra bites you but does no damage. x3
The 20-headed hydra bites you. x2
* * * LOW HITPOINT WARNING * * *
The 20-headed hydra bites you but does no damage.
You block the 20-headed hydra's attack. The 20-headed hydra bites you.
* * * LOW HITPOINT WARNING * * *
The 20-headed hydra bites you.
* * * LOW HITPOINT WARNING * * *
The 20-headed hydra bites you but does no damage.
The 20-headed hydra bites you.
* * * LOW HITPOINT WARNING * * *
The 20-headed hydra bites you but does no damage.
The 20-headed hydra bites you.
* * * LOW HITPOINT WARNING * * *
The 20-headed hydra bites you!
* * * LOW HITPOINT WARNING * * *
The 20-headed hydra bites you but does no damage.
The 20-headed hydra bites you!
* * * LOW HITPOINT WARNING * * *
The 20-headed hydra bites you but does no damage.
You block the black mamba's attack.
You feel much better. The black mamba barely misses you.
You furiously retaliate!
You headbutt the black mamba. The yak gores you but does no damage.
The yak gores you!
* * * LOW HITPOINT WARNING * * *
You block the yak's attack. x2
The 20-headed hydra bites you but does no damage. x2
The 20-headed hydra bites you!
* * * LOW HITPOINT WARNING * * *
The 20-headed hydra bites you but does no damage. x2
The 20-headed hydra bites you.
* * * LOW HITPOINT WARNING * * *
The 20-headed hydra bites you.
* * * LOW HITPOINT WARNING * * *
The 20-headed hydra bites you but does no damage. x5
You block the 20-headed hydra's attack.
The 20-headed hydra bites you but does no damage.
The 20-headed hydra bites you!
You die...

......######P........##.# #.#..
.......#P# #........###.# #####
......(..# #.##.........# #...
........#######.........# ##..
...........# ###......## #.#
.........### #.......#### #.#
.........#########.......#.####.#
............#..#DY#P..>...#..##..
.....).........Y@YY...........#..
...............SYY............#.#
..............................#..
..............................#.#
..........................†.....#
.....PP......#####........##..#.#
.....#.......## ###.......#...#.#
.....##.......# #.......####.##.#
..............###......## ##.....


You could see a 20-headed hydra, a black mamba and 6 yaks.

Vanquished Creatures
  Snorg (D:10)
  3 hydras
  2 two-headed ogres
  3 death yaks (Lair:3)
  Urug (Lair:5)
  2 ugly things (D:11)
  2 manticores (D:11)
  7 elephants
  2 black mambas
  An unseen horror (D:11)
  Psyche (D:11)
  7 cane toads
  3 rime drakes
  4 komodo dragons
  A kobold demonologist (D:10)
  2 hornets
  A merfolk (D:11)
  4 trolls
  A tyrant leech (Lair:3)
  A polar bear (Lair:3)
  19 blink frogs
  5 dream sheep (Lair:3)
  4 culicivoras (Lair:3)
  A shadow (D:9)
  A hog (D:11)
  4 basilisks
  36 yaks
  3 water elementals (D:11)
  6 wyverns (D:11)
  2 vampire mosquitoes (D:10)
  3 steam dragons
  A swamp worm (Lair:3)
  2 acid dragons
  11 water moccasins
  5 ice beasts
  7 black bears
  8 orc warriors
  5 sky beasts
  19 centaurs
  A phantom (D:5)
  10 kobold brigands
  13 bullfrogs
  2 necrophages
  5 gnoll sergeants
  4 scorpions
  6 wights
  6 killer bees (D:9)
  A howler monkey (D:10)
  7 electric eels (D:11)
  2 jellies
  4 hounds
  9 orc priests
  3 iguanas
  10 orc wizards
  2 hell rats (Lair:1)
  9 gnolls
  9 adders
  6 river rats (Lair:1)
  A shadow imp (D:7)
  A white imp (D:6)
  2 ufetubi
  2 worms
  A dart slug (D:5)
  27 orcs
  6 endoplasms
  4 giant cockroaches
  6 goblins
  11 hobgoblins
  7 jackals
  48 kobolds
  4 quokkas
  9 ball pythons
  3 bats (D:1)
  4 frilled lizards
  9 rats
  A bush (Lair:3)
446 creatures vanquished.

Vanquished Creatures (others)
  An orc (D:11)
  A bush (Lair:1)
  23 fungi
  95 plants
120 creatures vanquished.

Grand Total: 566 creatures vanquished

Notes
Turn   | Place    | Note
-------+----------+-------------------------------------------
     0 | D:1      | Iusername the Minotaur Fighter began the quest for the Orb.
     0 | D:1      | Reached XP level 1. HP: 19/19 MP: 0/0
   209 | D:1      | Reached XP level 2. HP: 27/27 MP: 1/1
   372 | D:1      | Reached skill level 3 in Axes
   468 | D:1      | Identified a scroll of acquirement
   468 | D:1      | Acquired the +1 pair of boots of the Game of Life {rElec
                  | Dex+3}
   559 | D:1      | Reached XP level 3. HP: 33/33 MP: 2/2
  1441 | D:3      | Reached XP level 4. HP: 39/40 MP: 3/3
  1753 | D:3      | Reached skill level 4 in Axes
  1964 | D:3      | Found a hide-covered altar of Uskayaw.
  1964 | D:3      | Found a burning altar of Makhleb.
  2492 | D:4      | Identified the +6 hand axe of Rocofiuz {spect, *Noise Fly
                  | rPois SInv}
  2582 | D:4      | Reached XP level 5. HP: 38/47 MP: 4/4
  2747 | D:4      | Found a stormy altar of Qazlal.
  2751 | D:4      | Reached skill level 5 in Axes
  2752 | D:4      | Reached skill level 1 in Dodging
  2752 | D:4      | Reached XP level 6. HP: 48/53 MP: 5/5
  3062 | D:5      | Entered Level 5 of the Dungeon
  3105 | D:5      | Noticed a sky beast
  3112 | D:5      | Killed a sky beast
  3113 | D:5      | Reached skill level 6 in Axes
  3185 | D:5      | Noticed a water moccasin
  3190 | D:5      | Killed a water moccasin
  3191 | D:5      | Reached skill level 5 in Armour
  3350 | D:5      | Found a shadowy altar of Dithmenos.
  3354 | D:5      | Found a white marble altar of Elyvilon.
  3358 | D:5      | Became a worshipper of Dithmenos the Shadowed
  3361 | D:5      | Found a stormy altar of Qazlal.
  3364 | D:5      | Found a sparkling altar of Nemelex Xobeh.
  3367 | D:5      | Found a shimmering blue altar of Sif Muna.
  3369 | D:5      | Reached XP level 7. HP: 60/60 MP: 6/6
  3372 | D:5      | Found a hazy altar of Hepliaklqana.
  3407 | D:5      | Reached skill level 5 in Fighting
  3407 | D:5      | Reached skill level 7 in Axes
  3545 | D:5      | Found a staircase to the Ecumenical Temple.
  3609 | D:5      | Reached skill level 5 in Shields
  4254 | D:6      | Reached skill level 8 in Axes
  4265 | D:6      | Reached XP level 8. HP: 69/69 MP: 7/7
  4339 | D:6      | Reached * piety under Dithmenos
  4591 | D:6      | Reached skill level 9 in Axes
  4591 | D:6      | Reached skill level 1 in Stealth
  4944 | D:6      | Identified the +0 pair of gloves of Inquiry {Int+4}
  6138 | D:7      | Reached XP level 9. HP: 75/75 MP: 8/8
  6230 | D:7      | Reached ** piety under Dithmenos
  6236 | D:7      | Reached skill level 10 in Axes
  6604 | D:7      | Reached skill level 11 in Axes
  7402 | D:8      | Noticed a troll
  7409 | D:8      | Killed a troll
  7410 | D:8      | Reached XP level 10. HP: 72/86 MP: 9/9
  7499 | D:8      | Reached skill level 10 in Armour
  7633 | D:9      | Reached *** piety under Dithmenos
  7731 | D:9      | Reached skill level 12 in Axes
  7769 | D:9      | Found a broken altar of Ashenzari.
  8645 | D:10     | Entered Level 10 of the Dungeon
  8728 | D:10     | Identified the +10 dagger "Neso" {vorpal, rElec MP+9 Dex-2}
  8816 | D:10     | Reached skill level 13 in Axes
  8913 | D:10     | Reached **** piety under Dithmenos
  8987 | D:10     | Noticed Snorg
  9003 | D:10     | Killed Snorg
  9004 | D:10     | Reached XP level 11. HP: 39/97 MP: 0/10
  9733 | D:10     | Noticed a two-headed ogre
  9738 | D:10     | Killed a two-headed ogre
  9982 | D:11     | Found a staircase to the Lair.
 10033 | D:11     | Noticed a purple ugly thing
 10042 | D:11     | Killed a purple ugly thing
 10043 | D:11     | Reached skill level 14 in Axes
 10124 | D:11     | Noticed Psyche
 10130 | D:11     | Killed Psyche
 10131 | D:11     | Reached skill level 10 in Fighting
 10857 | D:11     | Noticed a green ugly thing
 10865 | D:11     | Killed a green ugly thing
 11253 | D:11     | Reached skill level 10 in Shields
 11274 | D:11     | Identified the +0 hat "Fegues" {Regen+ Str+4}
 11656 | D:11     | Reached skill level 15 in Axes
 11762 | D:11     | Identified the +8 scimitar of the Crafting Sybil {freeze,
                  | rPois Int+2}
 12065 | D:11     | Reached ***** piety under Dithmenos
 12101 | D:11     | Found a hide-covered altar of Uskayaw.
 12283 | D:11     | Reached XP level 12. HP: 110/110 MP: 11/11
 12407 | D:11     | Noticed a two-headed ogre
 12416 | D:11     | Killed a two-headed ogre
 12905 | D:12     | Noticed Maurice
 12905 | D:12     | Noticed a five-headed hydra
 13125 | Lair:1   | Entered Level 1 of the Lair of Beasts
 14418 | Lair:2   | Reached skill level 16 in Axes
 14470 | Lair:2   | Noticed an eight-headed hydra
 14483 | Lair:2   | Killed a 15-headed hydra
 14826 | Lair:2   | Reached XP level 13. HP: 114/119 MP: 12/12
 15517 | Lair:3   | Reached skill level 1 in Evocations
 15971 | Lair:3   | Found a hole to the Spider Nest.
 16048 | Lair:3   | Reached skill level 5 in Stealth
 16583 | Lair:3   | Found a staircase to the Swamp.
 16709 | Lair:4   | Found a gate leading to a gauntlet.
 16731 | Lair:4   | Reached skill level 17 in Axes
 17197 | Lair:5   | Entered Level 5 of the Lair of Beasts
 17199 | Lair:5   | Noticed Urug
 17210 | Lair:5   | Killed Urug
 17577 | Lair:5   | Noticed Sonja
 17581 | Lair:4   | HP: 6/124 [20-headed hydra (9)]
 17582 | Lair:4   | HP: 2/124 [20-headed hydra (3)]
 17582 | Lair:4   | Mangled by a 20-headed hydra

Illustrated notes

Levels and vault maps discovered:
D:1:      spicycebolla_arrival_ecumenical, layout_basic
D:2:      layout_loops_ring, hangedman_glass_teeth, minmay_misc_feat_plants
D:3:      layout_loops_corners, nicolae_overflow_two_pavilions
D:4:      layout_cave_pools, minmay_ruined_shrine
D:5:      layout_loops_corners, nicolae_overflow_hallway_of_the_gods,
          minmay_temple_entry_wispy, serial_bayou_lagoon_b
D:6:      cheibrodos_thug_alley, layout_basic
D:7:      minmay_recursive_quarters, layout_cave_pools, kennysheep_flooded_box,
          grunt_ministairs_3
D:8:      layout_loops_cross
D:9:      layout_roguey, nicolae_ashenzari_skybound, feat_on_display
D:10:     layout_basic, uniq_snorg
D:11:     kennysheep_town, serial_shops, uniq_psyche
D:12:     layout_cave_pools, zombieorc1_lemuel, kennysheep_potato, uniq_maurice
Lair:1:   layout_loops_ring, kennysheep_rathole
Lair:2:   layout_regular_city, minmay_stone_trees_small
Lair:3:   layout_regular_city, minmay_swamp_entry_worms,
          hellmonk_spider_entry_life_and_decay, nzn_random_ring
Lair:4:   layout_hall_layers, gauntlet_entry_generic, patterned_corridor
Lair:5:   hangedman_lair_caniforms_friends, layout_gridlike, wormcave,
          dpeg_slime_entry_corner, enter_volcano_1, ebering_ghost_inner_flame,
          serial_bayou_shore_a, infiniplex_staircase_pool, uniq_sonja, uniq_urug

Skill      XL: |  1  2  3  4  5  6  7  8  9 10 11 12 13 |
---------------+----------------------------------------+-----
Armour         | 4 5 6 7 9 10 | 10.0
Fighting       | 4 5 7 9 11 12 14 | 14.2
Axes           | 3 4 5 6 8 9 11 13 15 16 17 | 17.1
Shields        | 4 5 6 7 8 10 12 14 | 14.0
Dodging        | 1 2 |  2.1
Stealth        | 1 3 4 5 |  5.2
Evocations     | 1 |  1.6
Throwing       | |  0.2

Action                   |  1- 3 |  4- 6 |  7- 9 | 10-12 | 13-15 || total
-------------------------+-------+-------+-------+-------+-------++-------
Melee: War axe           |    77 |    54 |       |       |       ||   131
       Headbutt          |     8 |    16 |    31 |    86 |    50 ||   191
       Hand axe          |       |    29 |   178 |   419 |   167 ||   793
Throw: Throwing net      |       |       |       |     1 |       ||     1
Evoke: Wand              |       |       |       |     5 |       ||     5
  Use: Scroll            |     1 |       |       |    16 |     1 ||    18
       Potion            |       |       |       |    11 |     3 ||    14
 Stab: Distracted        |       |       |     1 |     9 |     1 ||    11
Armor: Scale mail        |    42 |    18 |       |       |       ||    60
       Plate armour      |       |    15 |    63 |   131 |       ||   209
       Crystal plate arm |       |       |       |   103 |   143 ||   246
Dodge: Dodged            |    47 |    24 |    48 |   123 |    60 ||   302
Block: Buckler           |    20 |    16 |    39 |   183 |    81 ||   339
       Reflection        |       |       |     1 |    18 |       ||    19
